 Dungeon Crawl Stone Soup version 0.23-a0-171-g5ae17c6 (webtiles) character file.

362 Amnesiac the Chiller (level 6, -2/41 HPs)
             Began as a Mummy Ice Elementalist on Sept 12, 2018.
             Was a Follower of Vehumet.
             Slain by Natasha (5 damage)
             ... on level 2 of the Dungeon.
             The game lasted 00:04:57 (3361 turns).

Amnesiac the Chiller (Mummy Ice Elementalist)       Turns: 3361, Time: 00:04:58

Health: -2/41      AC:  3    Str: 12    XL:     6   Next: 39%
Magic:  9/13       EV: 12    Int: 16    God:    Vehumet [*.....]
Gold:   142        SH:  0    Dex: 12    Spells: 4/14 levels left

rFire    x . .     SeeInvis .   a - +0 hunting sling
rCold    + . .     Gourm    .   (no shield)
rNeg     + + +     Faith    .   l - +0 robe
rPois    ∞         Spirit   .   (no helmet)
rElec    .         Reflect  .   m - +0 cloak
rCorr    +         Harm     .   (no gloves)
MR       .....                  (no boots)
Stlth    ++........             (no amulet)
HPRegen  0.13/turn              f - ring of resist corrosion
MPRegen  0.13/turn              (no ring)

@: very slightly contaminated
A: no food or potions, fire vulnerability, cold resistance 1, negative energy
resistance 3, torment resistance, unbreathing
a: Renounce Religion


You were on level 2 of the Dungeon.
You worshipped Vehumet.
Vehumet was aware of your devotion.
You were not hungry.

You visited 1 branch of the dungeon, and saw 3 of its levels.

You collected 142 gold pieces.

Inventory:

Hand Weapons
 a - a +0 hunting sling (weapon)
Missiles
 k - 14 stones (quivered)
Armour
 l - a +0 robe (worn)
 m - a +0 cloak (worn)
Jewellery
 f - a ring of resist corrosion (left hand)
Scrolls
 b - 3 scrolls of amnesia {!r, unknown}
 c - 2 scrolls of identify {!r, unknown}
 d - a scroll of immolation {!r, unknown}
 e - 4 scrolls of remove curse {!r, unknown}
 g - a scroll of fear {!r, unknown}
 h - a scroll of blinking {!r, unknown}
 i - 4 scrolls of teleportation {!r, unknown}
 j - 3 scrolls of noise {!r, unknown}


   Skills:
 - Level 1.5 Dodging
 - Level 1.5 Stealth
 + Level 4.9 Spellcasting
 - Level 0.7 Conjurations
 - Level 5.2 Ice Magic


You had 4 spell levels left.
You knew the following spells:

 Your Spells              Type           Power        Failure   Level  Hunger
a - Freeze                Ice            ###.         1%          1    N/A
d - Throw Icicle          Conj/Ice       ##......     41%         4    N/A
e - Throw Frost           Conj/Ice       ##....       7%          2    N/A
z - Ozocubu's Armour      Chrm/Ice       ##......     16%         3    N/A

Your spell library contained the following spells:

 Spells                   Type           Power        Failure   Level  Hunger
 Shock                    Conj/Air       #...         13%         1    N/A
 Summon Ice Beast         Ice/Summ       ##......     45%         4    N/A

Dungeon Overview and Level Annotations

Branches:
Dungeon (3/15)

Altars:
Cheibriados
Vehumet

Annotations:
D:2 Natasha
D:3 2 transporters, KristoblXynda's ghost, amateur TrWz


Innate Abilities, Weirdness & Mutations

You do not eat or drink.
Your flesh is vulnerable to fire.
You are immune to poison.
Your flesh is cold resistant. (rC+)
You are immune to negative energy. (rN+++)
You are immune to unholy pain and torment.
You can survive without breathing.


Message History

Aim: an orc, wielding a hand axe and wearing a chain mail (severely wounded)
You freeze the orc.
You kill the orc!
Vehumet accepts your kill.
You feel your power returning.
Things that are here:
a short sword; an orc corpse
There is a stone staircase leading down here.
Things that are here:
a hand axe; a chain mail; an orc corpse Magic restored.
Natasha, Servant of Life and Death comes into view.
You can't go down here!
Casting: Freeze (safe; 1% risk of failure)
Confirm with . or Enter, or press ? or * to list all spells.
You can't see any susceptible monsters within range! (Use Z to cast anyway.) Natasha hisses angrily.
Casting: Freeze (safe; 1% risk of failure)
Confirm with . or Enter, or press ? or * to list all spells.
You can't see any susceptible monsters within range! (Use Z to cast anyway.) Firing (i - inventory)
k - 15 stones (quivered)
Press: ? - help, Shift-Dir - straight line, f - Natasha
Aim: Natasha You shoot a stone.
The stone closely misses Natasha.
Natasha mumbles some strange words.
Casting: Freeze (safe; 1% risk of failure)
Confirm with . or Enter, or press ? or * to list all spells.
Aiming: Freeze (safe; 1% risk of failure)
Press: ? - help, Shift-Dir - straight line, f/p - Natasha
Aim: Natasha You freeze Natasha.
Natasha is moderately wounded.
Natasha claws you!
* * * LOW HITPOINT WARNING * * *
Casting: Freeze (safe; 1% risk of failure)
Confirm with . or Enter, or press ? or * to list all spells.
Aiming: Freeze (safe; 1% risk of failure)
Press: ? - help, Shift-Dir - straight line, f/p - Natasha
Aim: Natasha (moderately wounded)
You freeze Natasha.
Natasha is moderately wounded.
Natasha stares at you and mumbles some strange words.
The magic dart hits you!
* * * LOW HITPOINT WARNING * * *
Casting: Freeze (safe; 1% risk of failure)
Confirm with . or Enter, or press ? or * to list all spells.
Aiming: Freeze (safe; 1% risk of failure)
Press: ? - help, Shift-Dir - straight line, f/p - Natasha
Aim: Natasha (moderately wounded)
You miscast Freeze.
You are very lightly contaminated with residual magic.
Nothing appears to happen.
Natasha claws you.
* * * LOW HITPOINT WARNING * * *
The shadow imp hits you.
* * * LOW HITPOINT WARNING * * *
Casting: Freeze (safe; 1% risk of failure)
Confirm with . or Enter, or press ? or * to list all spells.
Aiming: Freeze (safe; 1% risk of failure)
Press: ? - help, Shift-Dir - straight line, f/p - Natasha
Aim: Natasha (moderately wounded)
You freeze Natasha.
Natasha is severely wounded.
Natasha claws you.
You die...

#.#.# #.#.#.#[#.#########...#
#.#.# #.#.#.#.#.# #.....#.#.#
#####'#.# #.#.###.#.# #.###.#.###
........# #.#.#.....###.#.#.#....
........# #.#.#)#.###...#...#####
........# #............).........
........# #.#.#.....#.#######.###
........# #.#[#5#####.#######....
##.####.###>...h@................
#........)##.###.###############
#..##.###.##.....# #
##..##.###.######################
....##...#.#####..........#.....#
##....##..................#.###.#
#####.##..................#.###.#
....#.###.......................#
###.#...#.......#########.##.....


You could see Natasha and a shadow imp.

Vanquished Creatures
  Sigmund (D:2)
  Crazy Yiuf (D:2)
  Terence (D:2)
  Natasha (twice) (D:2)
  3 adders (D:2)
  An ooze (D:3)
  A worm (D:2)
  2 dart slugs
  6 orcs
  5 giant cockroaches
  14 goblins
  12 hobgoblins
  2 jackals (D:2)
  2 ball pythons
  5 bats
  4 frilled lizards
  4 kobolds
  4 rats
70 creatures vanquished.

Notes
Turn   | Place    | Note
-------+----------+-------------------------------------------
     0 | D:1      | Amnesiac the Mummy Ice Elementalist began the quest for the
                  | Orb.
     0 | D:1      | Reached XP level 1. HP: 13/13 MP: 4/4
   153 | D:2      | Reached skill level 3 in Ice Magic
   153 | D:2      | Reached XP level 2. HP: 11/19 MP: 2/5
   695 | D:2      | Learned a level 2 spell: Throw Frost
   712 | D:2      | Reached XP level 3. HP: 24/24 MP: 5/8
   790 | D:2      | Learned a level 3 spell: Ozocubu's Armour
   797 | D:2      | Noticed Terence
   839 | D:2      | Killed Terence
  1112 | D:2      | Reached XP level 4. HP: 30/30 MP: 7/10
  1118 | D:2      | Learned a level 4 spell: Throw Icicle
  1124 | D:2      | HP: 1/30 [worm (10)]
  1428 | D:2      | Noticed Sigmund
  1759 | D:3      | Found a transporter.
  1760 | D:3      | Noticed KristoblXynda's ghost (amateur TrWz)
  1763 | D:3      | Noticed a necrophage
  1773 | D:3      | Found a transporter.
  1788 | D:3      | Found a radiant altar of Vehumet.
  1790 | D:3      | Found a snail-covered altar of Cheibriados.
  1794 | D:3      | Became a worshipper of Vehumet
  2627 | D:2      | Found a runed door.
  2861 | D:2      | Noticed Natasha
  2868 | D:2      | Killed Natasha
  2868 | D:2      | Reached skill level 4 in Ice Magic
  2868 | D:2      | Reached XP level 5. HP: 26/35 MP: 3/11
  2939 | D:2      | Reached * piety under Vehumet
  2939 | D:2      | Offered knowledge of Shock by Vehumet.
  3004 | D:2      | Noticed Natasha
  3019 | D:2      | Killed Natasha
  3040 | D:2      | Killed Sigmund
  3040 | D:2      | Reached skill level 5 in Ice Magic
  3040 | D:2      | Reached XP level 6. HP: 25/41 MP: 3/12
  3243 | D:2      | Noticed Crazy Yiuf
  3246 | D:2      | Paralysed by Crazy Yiuf for 7 turns
  3253 | D:2      | Killed Crazy Yiuf
  3355 | D:2      | Noticed Natasha
  3361 | D:2      | Slain by Natasha

Vault maps used:
D:1:      dpeg_arrival_pits, minmay_misc_feat_tiny, minmay_pentomino_z2
D:2:      cheibrodos_greedy_goblins, uniq_terence, uniq_sigmund, uniq_natasha,
          uniq_crazy_yiuf_cottage
D:3:      minmay_diamond_boxcup, nicolae_tso_swordbearing_angel,
          lemuel_doored_altar, grunt_temple_overflow_open, first_ration,
          chequers_ecumenical_altar_simple, gammafunk_ghost_mausoleum

Skill      XL: |  1  2  3  4  5 |
---------------+----------------+-----
Ice Magic      | 3 4 5 |  5.2
Spellcasting   | 3 4 |  4.9
Dodging        | |  1.5
Stealth        | |  1.5
Conjurations   | |  0.7

Action                   |  1- 3 |  4- 6 || total
-------------------------+-------+-------++-------
Melee: Unarmed           |     9 |       ||     9
       Short sword       |     9 |    19 ||    28
 Fire: Hunting sling     |       |    16 ||    16
 Cast: Freeze            |    42 |    88 ||   130
       Ozocubu's Armour  |     1 |       ||     1
 Stab: Sleeping          |     2 |     2 ||     4
Armor: Robe              |     9 |    12 ||    21
Dodge: Dodged            |    31 |    57 ||    88

Table legend:
 A = Non-vault XP
 B = Vault XP
 C = Vault XP percentage of total XP
 D = Non-vault monster count
 E = Vault monster count
 F = Vault count percentage of total count
                 A         B        C        D         E       F
            +---------+---------+-------+---------+---------+-------
      Total |     179 |     339 |  65.4 |      55 |      15 |  21.4
            +---------+---------+-------+---------+---------+-------
        D:1 |      40 |       4 |   9.1 |      23 |       2 |   8.0
        D:2 |     128 |     335 |  72.4 |      29 |      13 |  31.0
        D:3 |      11 |       0 |   0.0 |       3 |       0 |   0.0
            +---------+---------+-------+---------+---------+-------
